 Dungeon Crawl Stone Soup version 0.28.0 (webtiles) character file.

Game seed: 14197586470476717861

49 Buxparty the Sneak (level 3, 0/16 HPs)
             Began as a Spriggan Enchanter on Feb 18, 2022.
             Hit by a goblin thrown by Robin (2 damage)
             ... on level 2 of the Dungeon.
             The game lasted 00:08:17 (2752 turns).

Buxparty the Sneak (Spriggan Enchanter)             Turns: 2752, Time: 00:08:18

Health: 0/16       AC:  2    Str:  6    XL:     3   Next: 53%
Magic:  0/8        EV: 17    Int: 16    God:
Gold:   63         SH:  0    Dex: 15    Spells: 6/8 levels left

rFire   . . .      SeeInvis +   a - +1 dagger
rCold   . . .      Faith    .   (no shield)
rNeg    . . .      Spirit   .   b - +0 robe
rPois   .          Reflect  .   (helmet restricted)
rElec   .          Harm     .   g - scarf {repulsion}
rCorr   .          Rampage  .   (gloves unavailable)
Will    .....                   (boots unavailable)
Stlth   +++.......              (no amulet)
HPRegen 0.05/turn               (no ring)
MPRegen 0.11/turn               (no ring)

@: very slightly contaminated, repel missiles, very quick
A: very small, no large weapons, unfitting armour, see invisible, speed 3
a: no special abilities


You were on level 2 of the Dungeon.
You visited 1 branch of the dungeon, and saw 2 of its levels.

You collected 63 gold pieces.

Inventory:

Hand Weapons
 a - a +1 dagger (weapon)
Missiles
 f - 2 poisoned darts (quivered)
Armour
 b - a +0 robe (worn)
 g - a scarf of repulsion (worn)
Scrolls
 d - a scroll of fear {unknown}
 h - a scroll of identify {unknown}
Potions
 c - a potion of invisibility
 e - 2 potions of heal wounds {unknown}
 i - a potion of magic {unknown}


   Skills:
 - Level 1.8 Short Blades
 - Level 3.3 Dodging
 + Level 5.0 Stealth
 + Level 3.3 Spellcasting
 + Level 4.1 Hexes


You had 6 spell levels left.
You knew the following spells:

 Your Spells              Type           Power      Damage    Failure   Level
a - Ensorcelled Hibernat  Hex/Ice        18%        N/A       12%         2

Your spell library contained the following spells:

 Spells                   Type           Power      Damage    Failure   Level
 Confusing Touch          Hex            15%        N/A       10%         3
 Tukima's Dance           Hex            15%        N/A       10%         3
 Dazzling Flash           Conj/Hex       18%        N/A       24%         3
 Gell's Gravitas          Tloc           2%         N/A       47%         3
 Lesser Beckoning         Tloc           2%         N/A       47%         3
 Teleport Other           Tloc           2%         N/A       47%         3


Dungeon Overview and Level Annotations

Branches:
Dungeon (2/15)

Altars:

Annotations:
D:2 Robin


Innate Abilities, Weirdness & Mutations

You are very small and have problems with some larger weapons.
You are too small for most types of armour.
You have supernaturally acute eyesight. (SInv)
You cover ground extremely quickly. (Speed+++)


Message History

Robin shouts!
Robin roars a battlecry!
Robin hits you with a +0 short sword.
Casting: Ensorcelled Hibernation (safe; 12% risk of failure)
Confirm with . or Enter, or press ? or * to list all spells.
Aiming: Ensorcelled Hibernation (safe; 12% risk of failure)
Press: ? - help, Shift-Dir - straight line, f - hobgoblin
Aim: a hobgoblin (strong, chance to affect: 61%)
The hobgoblin looks drowsy...
Robin hits you with a +0 short sword.
The helpless hobgoblin fails to defend itself.
You impale the hobgoblin!!
You kill the hobgoblin!
Robin barely misses you.
Casting: Ensorcelled Hibernation (safe; 12% risk of failure)
Confirm with . or Enter, or press ? or * to list all spells.
Aiming: Ensorcelled Hibernation (safe; 12% risk of failure)
Press: ? - help, Shift-Dir - straight line, f - Robin
Aim: Robin, wielding a +0 short sword, wearing a +0 animal skin and wearing a +0 helmet (chance to affect: 51%) Robin resists with some effort.
The goblin hits you with a +0 dagger. Robin hits you but does no damage.
Casting: Ensorcelled Hibernation (safe; 12% risk of failure)
Confirm with . or Enter, or press ? or * to list all spells.
Aiming: Ensorcelled Hibernation (safe; 12% risk of failure)
Press: ? - help, Shift-Dir - straight line, f/p - Robin
Aim: Robin, wielding a +0 short sword, wearing a +0 animal skin and wearing a +0 helmet (chance to affect: 51%)
You miscast Ensorcelled Hibernation.
You are very lightly contaminated with residual magic.
Nothing appears to happen.
The goblin hits you with a +0 dagger. Robin hits you with a +0 short sword.
* * * LOW HITPOINT WARNING * * *
Casting: Ensorcelled Hibernation (safe; 12% risk of failure)
Confirm with . or Enter, or press ? or * to list all spells.
Aiming: Ensorcelled Hibernation (safe; 12% risk of failure)
Press: ? - help, Shift-Dir - straight line, f/p - Robin
Aim: Robin, wielding a +0 short sword, wearing a +0 animal skin and wearing a +0 helmet (chance to affect: 51%) Robin resists with some effort.
The goblin hits you with a +0 dagger.
* * * LOW HITPOINT WARNING * * *
Robin misses you. Robin throws the goblin at you!
You die...

#.#............^##
................##
#................#
.................#
)....#...........#
.................#########
.....#...........#...#...##
...... .......g..g........##
.....#. ......†.@..........#
...........................#
...................#
.##.#.............##
#.#........#...## .
#.....#.###### #.......#
####....# #....#


You could see Robin and a goblin (strong).

Vanquished Creatures
  An adder (D:1)
  A worm (D:2)
  2 endoplasms (D:1)
  11 goblins
  7 hobgoblins
  3 quokkas
  2 frilled lizards
  2 kobolds (D:1)
  3 rats
32 creatures vanquished.

Notes
Turn   | Place    | Note
-------+----------+-------------------------------------------
     0 | D:1      | Buxparty the Spriggan Enchanter began the quest for the
                  | Orb.
     0 | D:1      | Reached XP level 1. HP: 9/9 MP: 5/5
    43 | D:1      | Found a faded altar of an unknown god.
  1123 | D:1      | Reached XP level 2. HP: 9/13 MP: 6/6
  1127 | D:1      | Learned a level 2 spell: Ensorcelled Hibernation
  1553 | D:2      | Noticed Robin
  2223 | D:1      | Reached XP level 3. HP: 11/16 MP: 0/8
  2398 | D:2      | Reached skill level 5 in Stealth
  2752 | D:2      | Hit by a goblin thrown by Robin

Illustrated notes

Levels and vault maps discovered:
D:1:      giann_bridges, layout_rooms, ebering_ecumenical_altar_abandoned
D:2:      layout_rooms, uniq_robin

Skill      XL: |  1  2  3 |
---------------+----------+-----
Dodging        | 3 |  3.3
Spellcasting   | 3 |  3.3
Hexes          | 4 |  4.1
Stealth        | 5 |  5.0
Short Blades   | |  1.8

Action                   || total
-------------------------++-------
Melee: Dagger            ||    94
 Cast: Ensorcelled Hiber ||    31
 Stab: Sleeping          ||    19
       Distracted        ||     2
Armor: Robe              ||    13
Dodge: Dodged            ||    78
